 Dungeon Sprint DCSS version 0.18.1-5-g4a78601 (webtiles) character file.

51 IcyTea the Ruffian (level 3, 0/28 HPs)
             Began as a Draconian Transmuter on May 14, 2016.
             Slain by an ice beast (9 damage)
             ... in the Dungeon (Sprint IX: "|||||||||||||||||||||||||||||").
             The game lasted 00:00:50 (112 turns).

IcyTea the Ruffian (Draconian Transmuter)            Turns: 112, Time: 00:00:51

Health: 0/28       AC:  5    Str: 12    XL:     3   Next: 58%
Magic:  3/6        EV: 12    Int: 14    God:
Gold:   0          SH:  0    Dex: 11    Spells: 1 memorised, 5 levels left

rFire  . . .     SeeInvis .       - Unarmed
rCold  . . .     Gourm    .     (armour unavailable)
rNeg   . . .     Faith    .     (no shield)
rPois  .         Spirit   .     (helmet restricted)
rElec  .         Dismiss  .     (no cloak)
rCorr  .         Reflect  .     (no gloves)
SustAt .         Harm     .     (boots currently unavailable)
MR     .....     NoTele   +     (no amulet)
Stlth  +.........               (no ring)
                                (no ring)

@: appendage (expiring), very slightly contaminated, hasted and slowed, not
resistant to hostile enchantments, very unstealthy
A: unfitting armour, talons 3, cold-blooded, AC +5
a: End Transformation


You were in the Dungeon.
You were not hungry.
You had grown temporary talons.
You visited 1 branch

Inventory:

Missiles
 a - 12 arrows
Scrolls
 i - a scroll of blinking
Potions
 d - a potion of curing
 g - 2 potions of magic
 h - a potion of berserk rage
Books
 b - a book of Changes

   Spells                             Type                      Level
   a - Beastly Appendage              Transmutation                1
   b - Sticks to Snakes               Transmutation                2
   c - Spider Form                    Transmutation/Poison         3
   d - Ice Form                       Ice/Transmutation            4
   e - Blade Hands                    Transmutation                5
Comestibles
 c - a bread ration


   Skills:
 - Level 1.1 Fighting
 - Level 1.7 Dodging
 + Level 7.8 Unarmed Combat
 - Level 2.0 Spellcasting
 - Level 2.0 Transmutations


You had 5 spell levels left.
You knew the following spells:

 Your Spells              Type           Power        Failure   Level  Hunger
a - Beastly Appendage     Trmt           #.....       12%         1    ##.....


Dungeon Overview and Level Annotations

Branches:
Dungeon (1/1)

Altars:


Innate Abilities, Weirdness & Mutations

Your plain brown scales are hard (AC +5).
Your body does not fit into most forms of armour.
You are cold-blooded and may be slowed by cold attacks.
You have claws for feet.


Message History

You hit the orc wizard.
The orc wizard is almost dead.
The orc wizard hits you but does no damage.
You hit the orc wizard but do no damage.
The orc wizard is almost dead.
Your transformation is almost over.
You closely miss the orc wizard. You tail-slap the orc wizard.
You kill the orc wizard!
Your Unarmed Combat skill increases to level 7!
You have reached level 3!
Your experience leads to an increase in your attributes!
Increase (S)trength, (I)ntelligence, or (D)exterity?
You feel clever.
Your scales feel tougher.
You hit the ice beast but do no damage. Your kick misses the ice beast.
Your tail-slap misses the ice beast.
You hit the ice beast but do no damage. Your kick misses the ice beast.
The ice beast barely misses you.
You hit the ice beast but do no damage. The ice beast hits you.
The ice beast freezes you!
You feel yourself slow down.
You die...

▓+▓
▓.▓
▓.▓
▓.▓
▓.▓
▓Y▓
▓@▓
▓.▓
▓.▓
▓.▓
▓.▓
▓†▓
▓'▓
▓.▓
▓.▓


You could see an ice beast.

Vanquished Creatures
  An orc wizard (D)
  A gnoll (D)
  An adder zombie (D)
  2 giant geckos (D)
  A bat (D)
  A giant cockroach (D)
  2 rats (D)
9 creatures vanquished.

Notes
Turn   | Place    | Note
--------------------------------------------------------------
     0 | D        | IcyTea the Draconian Transmuter began the quest for the Orb.
     0 | D        | Reached XP level 1. HP: 16/16 MP: 3/3
    13 | D        | Reached skill level 4 in Unarmed Combat
    86 | D        | Noticed an ice beast
    86 | D        | Noticed an orc wizard
    88 | D        | Reached skill level 5 in Unarmed Combat
    88 | D        | Reached XP level 2. HP: 19/23 MP: 3/5
    94 | D        | Reached skill level 6 in Unarmed Combat
   109 | D        | Reached skill level 7 in Unarmed Combat
   109 | D        | Reached XP level 3. HP: 12/28 MP: 3/6
   112 | D        | Slain by an ice beast

Skill      XL: |  1  2 |
---------------+-------+-----
Unarmed Combat | 5 7 |  7.8
Fighting       | |  1.1
Dodging        | |  1.7
Spellcasting   | |  2.0
Transmutations | |  2.0

Action                   || total
-------------------------++-------
Melee: Unarmed           ||    38
       Headbutt          ||     3
       Tailslap          ||     2
       Kick              ||     2
 Cast: Beastly Appendage ||     3
  Use: Potion            ||     2
Armor: Skin              ||    10
Dodge: Dodged            ||    16
